 Dungeon Crawl Stone Soup version 0.30-b1-2-g02819fbbbe (webtiles) character file.

Game seed: 8773120733256502835

91774 Ashen the Convoker (level 15, -14/95 HPs)
             Began as a Deep Elf Summoner on June 21, 2023.
             Was a High Priest of Sif Muna.
             Killed by vampiric draining
             ... invoked by a vampire knight
              (24 damage)
             ... on level 13 of the Dungeon on June 25, 2023.
             The game lasted 02:18:29 (23734 turns).

Ashen the Convoker (Deep Elf Summoner)             Turns: 23734, Time: 02:18:30

Health: -14/95     AC:  9    Str:  3    XL:     15   Next: 56%
Magic:  32/44      EV: 24    Int: 28    God:    Sif Muna [*****.]
Gold:   1464       SH:  0    Dex: 21    Spells: 15/43 levels left

rFire   + + +        I - +7 rapier of Wadiggu {drain, Fly rPois rF++}
rCold   . . .        (no shield)
rNeg    . . .        X - +1 robe {Will+}
rPois   +            y - +2 hat
rElec   .            (no cloak)
rCorr   .            q - +2 pair of gloves
SInv    .            U - +0 pair of boots of Byar {rPois Will+++ Str-4 Dex+2}
Will    +++++        Y - amulet of Puafag {RegenMP Contam Str+2 Dex+4}
Stlth   +            w - ring of protection from fire
HPRegen 0.35/turn    i - ring of magical power
MPRegen 0.69/turn

%: no passive effects
@: confused, ambrosia-drunk, flying, studying Hexes
A: no striking features
a: Renounce Religion, Channel Magic, Forget Spell, Divine Exegesis


You were on level 13 of the Dungeon.
You worshipped Sif Muna.
Sif Muna was extremely pleased with you.
You visited 4 branches of the dungeon, and saw 21 of its levels.
You also visited: Gauntlet and Volcano.

You collected 2261 gold pieces.
You spent 797 gold pieces at shops.

Inventory:

Hand Weapons
 r - the +8 falchion "Naplaih" {drain, Fly rCorr}
   (You found it on level 4 of the Dungeon)

   Fly:       It grants you flight.
   rCorr:     It protects you from acid and corrosion.
 u - a +7 dagger of venom
 z - the +8 falchion "Uttil" {freeze, rElec Int+5}
   (You took it off a minotaur in a Gauntlet)

   Int:       It affects your intelligence (+5).
   rElec:     It insulates you from electricity.
 G - a +2 dagger of distortion
 I - the +7 rapier of Wadiggu (weapon) {drain, Fly rPois rF++}
   (You found it on level 9 of the Dungeon)

   rF:        It greatly protects you from fire.
   rPois:     It protects you from poison.
   Fly:       It grants you flight.
Armour
 q - a +2 pair of gloves (worn)
 y - a +2 hat (worn)
 U - the +0 pair of boots of Byar (worn) {rPois Will+++ Str-4 Dex+2}
   (You acquired it on level 3 of the Lair of Beasts)

   Str:       It affects your strength (-4).
   Dex:       It affects your dexterity (+2).
   rPois:     It protects you from poison.
   Will:      It greatly increases your willpower.
 X - a +1 robe of willpower (worn)
Magical Staves
 F - the staff of earth "Ocineit" {Drain rCorr Str+5}
   (You found it in a Gauntlet)

   [staff of earth]

   Base accuracy: +5 Base damage: 5 Base attack delay: 1.2 This weapon's minimum
   attack delay (0.6) is reached at skill level 12.
   Str:       It affects your strength (+5).
   rCorr:     It protects you from acid and corrosion.
   Drain:     It drains your maximum health when unequipped.
   It falls into the 'Staves' category.
   It is a one-handed weapon.
Jewellery
 c - a ring of flight
 i - a ring of magical power (right hand)
 w - a ring of protection from fire (left hand)
 C - the ring of the Jester {Str+6 Int+6 SInv}
   (You found it on level 6 of the Dungeon)

   [ring of strength]

   Str:       It affects your strength (+6).
   Int:       It affects your intelligence (+6).
   SInv:      It lets you see invisible.
 M - a ring of protection from fire
 O - an amulet of regeneration
 T - a ring of willpower
 Y - the amulet of Puafag (around neck) {RegenMP Contam Str+2 Dex+4}
   (You found it on level 5 of the Lair of Beasts)

   [amulet of magic regeneration]

   It increases your rate of magic regeneration.
   Str:       It affects your strength (+2).
   Dex:       It affects your dexterity (+4).
   Contam:    It causes magical contamination when unequipped.
Wands
 a - a wand of mindburst (35)
 g - a wand of light (17)
 s - a wand of polymorph (11)
 D - a wand of digging (6)
 E - a wand of paralysis (18)
 L - a wand of iceblast (13)
Scrolls
 f - a scroll of immolation
 j - 6 scrolls of teleportation
 k - 3 scrolls of amnesia
 p - 8 scrolls of fog
 t - 2 scrolls of fear
 v - 6 scrolls of blinking
 x - 2 scrolls of poison
 H - 10 scrolls of identify
 K - a scroll of magic mapping
 Q - 2 scrolls of vulnerability
 R - a scroll of enchant weapon
 V - a scroll of silence
 W - a scroll of enchant armour
 Z - a scroll of brand weapon
Potions
 b - 3 potions of magic
 d - 9 potions of curing
 e - a potion of haste
 h - 2 potions of attraction
 l - 3 potions of flight
 m - 9 potions of mutation
 n - 2 potions of lignification
 o - 5 potions of invisibility
 A - 4 potions of might
 B - 4 potions of resistance
 J - 2 potions of brilliance
Miscellaneous
 N - a phial of floods


   Skills:
 + Level 11.6 Fighting
 + Level 16.2 Dodging
 - Level 5.0 Stealth
 + Level 14.7 Spellcasting
 - Level 11.9 Hexes
 * Level 17.4 Summonings


You had 15 spell levels left.
You knew the following spells:

 Your Spells              Type           Power      Damage    Failure   Level
a - Summon Ice Beast      Ice/Summ       62%        N/A       1%          4
b - Call Imp              Summ           100%       N/A       0%          2
c - Call Canine Familiar  Summ           87%        N/A       0%          3
d - Summon Guardian Gole  Hex/Summ       80%        N/A       1%          3
e - Summon Lightning Spi  Summ/Air       62%        N/A       1%          4
f - Summon Mana Viper     Hex/Summ       80%        N/A       1%          5
g - Monstrous Menagerie   Summ           43%        N/A       1%          7

Your spell library contained the following spells:

 Spells                   Type           Power      Damage    Failure   Level
 Summon Small Mammal      Summ           100%       N/A       0%          1
 Slow                     Hex            100%       N/A       1%          1
 Confusing Touch          Hex            72%        N/A       1%          3
 Dazzling Flash           Conj/Hex       100%       N/A       1%          3
 Tukima's Dance           Hex            72%        N/A       1%          3
 Summon Cactus Giant      Summ           43%        N/A       1%          6
 Freeze                   Ice            80%        1d9       2%          1
 Shock                    Conj/Air       80%        1d8       2%          1
 Blink                    Tloc           40%        N/A       3%          2
 Lesser Beckoning         Tloc           40%        N/A       3%          2
 Momentum Strike          Conj/Tloc      40%        3d9       3%          2
 Scorch                   Fire           40%        2d6       3%          2
 Static Discharge         Conj/Air       40%        2-4/arc   3%          2
 Metabolic Englaciation   Hex/Ice        26%        N/A       6%          5
 Silence                  Hex/Air        26%        N/A       6%          5
 Yara's Violent Unravell  Hex/Tmut       26%        3d11      6%          5
 Frozen Ramparts          Ice            40%        1d7       8%          3
 Hailstorm                Conj/Ice       20%        3d6       8%          3
 Ignite Poison            Fire/Tmut/Pois 20%        N/A       8%          3
 Swiftness                Air            20%        N/A       8%          3
 Vampiric Draining        Necr           20%        2d7       8%          3
 Vhi's Electric Charge    Tloc/Air       40%        N/A       8%          3
 Airstrike                Air            10%        2d(2-18)  24%         4
 Flame Wave               Conj/Fire      20%        2d7       24%         4
 Ice Form                 Ice/Tmut       20%        N/A       24%         4
 Passage of Golubria      Tloc           20%        N/A       24%         4
 Sticky Flame             Conj/Fire      20%        2d4       24%         4
 Spellforged Servitor     Conj/Summ      31%        N/A       52%         7
 Agony                    Necr           20%        N/A       56%         5
 Alistair's Intoxication  Tmut/Pois      13%        N/A       56%         5
 Arcjolt                  Conj/Air       10%        1d20      56%         5
 Blade Hands              Tmut           10%        N/A       56%         5
 Borgnjor's Vile Clutch   Necr/Erth      10%        N/A       56%         5
 Fireball                 Conj/Fire      10%        3d6       56%         5
 Irradiate                Conj/Tmut      10%        3d15      56%         5
 Iskenderun's Battlesphe  Conj           20%        2d7       56%         5
 Lee's Rapid Deconstruct  Erth           10%        3d8*      56%         5
 Iron Shot                Conj/Erth      10%        9d3       98%         6
 Dragon Form              Tmut           10%        N/A       100%        7
 Ignition                 Fire           10%        3d5       100%        8
 Maxwell's Capacitive Co  Air            10%        ∞         100%        8


Dungeon Overview and Level Annotations

Branches:
Dungeon (13/15)            Temple (1/1) D:7            Lair (5/5) D:9
  Swamp (0/4) Lair:3        Snake (0/4) Lair:3        Slime (0/5) Lair:5
    Orc (2/2) D:12            Elf (0/3) Orc:2       Volcano (visited)
Gauntlet (visited)
 Vaults: D:13-14

Altars:
Ashenzari
Cheibriados
Dithmenos
Elyvilon
Fedhas
Gozag
Hepliaklqana
Kikubaaqudgha
Makhleb
Nemelex Xobeh
Okawaru
Qazlal
Ru
Sif Muna
Trog
Uskayaw
Vehumet
Wu Jian
Xom
Yredelemnul
Zin
The Shining One

Shops:
D:6 !((   D:12 ?   Orc:2 [=([

Portals:
Trove: D:12 (give 12 potions of heal wounds)

Annotations:
Lair:3 exclusion: orange demon, Amaemon
Lair:4 2 transporters, exclusion: oklob plant, Raneoc's ghost, journeyman MiFi
Lair:5 exclusion: obsidian statue


Message History

Your manticore claws the two-headed ogre!
The two-headed ogre dies!
Sif Muna accepts your kill.
Unknown command.
Something hits you. Something completely misses you. Something hits you!
* * * LOW HITPOINT WARNING * * *
Something closely misses you.
You are confused.
You feel invigorated. Something hits you!
* * * LOW HITPOINT WARNING * * *
Something barely misses you.
Your lindwurm bites something!
Your lindwurm claws something but does no damage.
Your lindwurm barely misses something.
Something misses you. Something bites you!
* * * LOW HITPOINT WARNING * * *
Something draws strength from your injuries!
You hear some strange, mumbled words.
Something tries to affect you, but you resist.
Your lindwurm bites something!!
Your lindwurm claws something but does no damage.
Your lindwurm closely misses something.
Something hits your lindwurm!!!
Your lindwurm dies!
Your lindwurm's corpse disappears in a puff of smoke!
Your manticore bites something.
Your manticore claws something but does no damage.
Your manticore barely misses something.
Something hits your manticore!! Something bites your manticore!
The cyclops throws a large rock.
The large rock barely misses you. Something hits your manticore!!
Your manticore dies!
Your manticore's corpse disappears in a puff of smoke!
Something hits you.
* * * LOW HITPOINT WARNING * * *
Something bites you but does no damage. Something hits you!!
* * * LOW HITPOINT WARNING * * *
Something closely misses you. Something draws life force from you!!
You die...

......#............#,*,,,,,,,,,,*
>..##.#............#,,**,*,,*,**,
............###....#,*,*,*,,*,*,*
...........)##.....#,,*,**,,**,*,
............##.....#,,,,,*,,*,,,,
....#######........######*,,*****
.....#...#...#...........,.,*,,,,
....##.).##.###.###.#.##.$.,,,,,*
#....#.⌠.#..##..@#....##...*,,,,,
#...##.?.##................*,,,,,
*#...#...#..####..C.......#**,,,,
##.###.###†.###.........#***,,,,
##...........#...........>.***,,,
.................)#..#.....,,,,,,
##...8.)####.....###.#.....**,,,,
#..#.....#.......#....,...,,,,,,
##,#.#.................,..,,,,**


You could see a cyclops.

Vanquished Creatures
  A two-headed ogre (Orc:1)
  A death yak (Lair:5)
  A lindwurm (Volcano)
  4 elephants
  A cane toad (Lair:5)
  3 komodo dragons
  A troll (D:12)
  A tyrant leech (Lair:3)
  A nameless horror (Lair:4)
  3 blink frogs (Lair:4)
  2 dream sheep (Lair:3)
  4 yaks
  A vampire mosquito (D:11)
  2 steam dragons
  A warg (Orc:1)
  An acid dragon (D:9)
  A hell hound (Volcano)
  4 orc warriors
  3 ogres
  A phantom (D:5)
  A bullfrog (D:6)
  5 scorpions
  4 wights
  2 howler monkeys
  An orc priest (Orc:1)
  A jelly (D:8)
  A hell rat (Lair:4)
  An iguana (D:6)
  4 orc wizards
  An adder (D:4)
  A shadow imp (D:5)
  A white imp (Gauntlet)
  An ufetubus (D:4)
  9 orcs
  3 goblins
  A hobgoblin (D:4)
  6 jackals (D:4)
  2 quokkas (D:1)
  3 ball pythons
  2 bats
  5 kobolds
  A rat (D:3)
93 creatures vanquished.

Vanquished Creatures (collateral kills)
  Saint Roka (Orc:2)
  An orc warlord (Orc:1)
  A vampire knight (D:13)
  A minotaur (Gauntlet)
  The ghost of Sioge the Devastator, a journeyman DECj of Vehumet (Orc:1)
  3 dire elephants (Lair:5)
  Snorg (Lair:4)
  The ghost of Termiter the Reanimator, a journeyman DsNe of Nemelex Xobeh (Lair:5)
  Harold (Lair:1)
  A hydra (Lair:4)
  A centaur warrior (D:13)
  2 ogre magi (Orc:2)
  4 boulder beetles
  The ghost of NimIero the Grappler, a novice AtBe of Trog (D:6)
  5 death yaks
  11 two-headed ogres
  The ghost of Drakonis1988 the Cleaver, a novice MiFi of Okawaru (D:7)
  2 skysharks
  A fire crab (Volcano)
  2 spectral death yaks (Lair:5)
  An orange crystal statue (D:11)
  A deep troll (Orc:1)
  A spectral anaconda (Lair:5)
  2 wizards (Gauntlet)
  An obsidian statue (Gauntlet)
  3 necromancers (Lair:5)
  2 ugly things
  2 orc sorcerers (Orc:1)
  Pikel (D:8)
  2 manticores (D:13)
  A wolf spider (Lair:5)
  4 cyclopes
  A dire elephant zombie (Lair:5)
  3 black mambas
  4 elephants
  3 gargoyles
  9 cane toads
  A spectral unseen horror (D:7)
  An unseen horror (D:13)
  Maggie (D:8)
  9 komodo dragons
  Psyche (D:9)
  An unseen horror skeleton (D:7)
  3 meliai (D:13)
  2 polar bears
  A nameless horror (Lair:5)
  4 tyrant leeches
  10 trolls
  9 blink frogs
  2 dream sheep (Lair:3)
  Sigmund (D:5)
  4 wyverns
  A vampire (D:13)
  A dire elephant simulacrum (Lair:5)
  2 wraiths
  12 yaks
  2 fire bats (Volcano)
  An unseen horror simulacrum (D:7)
  A death yak simulacrum (Lair:5)
  3 vampire mosquitoes
  2 basilisks
  2 steam dragons
  2 nagas (Lair:3)
  2 spectral cane toads (Lair:5)
  3 swamp worms (Lair:3)
  2 wargs (Orc:2)
  10 water moccasins
  3 acid dragons
  A hell hound (Volcano)
  16 orc warriors
  2 sky beasts (D:6)
  2 ice beasts (D:7)
  4 black bears
  17 ogres
  2 centaurs
  4 wolves (Lair:5)
  4 lemures (D:8)
  2 phantoms
  A kobold brigand (D:6)
  4 bullfrogs
  2 gnoll sergeants (D:6)
  3 scorpions
  A cane toad simulacrum (Lair:5)
  7 wights
  2 elephant simulacra (Lair:5)
  4 howler monkeys
  3 lava snakes (D:11)
  A hound (D:6)
  19 orc priests
  2 gnoll boudas
  An iguana (D:7)
  17 orc wizards
  5 hell rats (Lair:5)
  A howler monkey skeleton (D:7)
  5 adders
  7 gnolls
  4 shadow imps (Gauntlet)
  2 white imps
  2 worms (D:4)
  A dart slug (D:3)
  88 orcs
  3 bats
  5 endoplasms
  4 giant cockroaches
  6 goblins
  4 hobgoblins
  9 jackals
  6 kobolds
  2 quokkas
  3 ball pythons
  3 frilled lizards
  A rat (D:2)
464 creatures vanquished.

Vanquished Creatures (others)
  3 two-headed ogres
  2 death yaks (Lair:5)
  An iron troll (Orc:2)
  A skyshark (Lair:5)
  A necromancer (Lair:5)
  A manticore (D:11)
  A wolf spider (Lair:5)
  A black mamba (Lair:5)
  3 trolls
  A wyvern (Lair:5)
  A spriggan (Lair:4)
  A vampire mosquito (D:13)
  An ice beast (D:5)
  3 ogres (Orc:2)
  2 orc warriors
  2 wights (D:6)
  A jelly (D:5)
  2 orc priests (Orc:1)
  An orc (Orc:1)
  2 bushes (Lair:4)
  11 demonic plants (Gauntlet)
  36 fungi
  44 plants
  18 withered plants (Lair:5)
140 creatures vanquished.

Grand Total: 697 creatures vanquished

Notes
Turn   | Place    | Note
-------+----------+-------------------------------------------
     0 | D:1      | Ashen the Deep Elf Summoner began the quest for the Orb.
     0 | D:1      | Reached XP level 1. HP: 10/10 MP: 6/6
   282 | D:1      | Found a faded altar of an unknown god.
   363 | D:1      | Reached XP level 2. HP: 15/15 MP: 8/8
   366 | D:1      | Learned a level 2 spell: Call Imp
  1233 | D:2      | Reached XP level 3. HP: 16/20 MP: 2/10
  1573 | D:2      | Learned a level 3 spell: Call Canine Familiar
  1577 | D:2      | Learned a level 3 spell: Summon Guardian Golem
  1621 | D:2      | Found the +7 Kryia's mail coat {PotionHeal*2 rC+}
  1779 | D:2      | Found a basalt altar of Yredelemnul.
  1989 | D:3      | Reached skill level 1 in Fighting
  1989 | D:3      | Reached skill level 5 in Summonings
  1989 | D:3      | Reached XP level 4. HP: 25/25 MP: 7/12
  2199 | D:3      | Found a shimmering altar of Xom.
  2708 | D:4      | Noticed a phantom
  2742 | D:4      | Killed a phantom
  2743 | D:4      | Reached XP level 5. HP: 17/29 MP: 4/13
  2967 | D:4      | Learned a level 4 spell: Summon Lightning Spire
  2989 | D:4      | Identified the +8 falchion "Naplaih" {drain, Fly rCorr}
  3235 | D:4      | Reached XP level 6. HP: 35/35 MP: 12/15
  3481 | D:5      | Entered Level 5 of the Dungeon
  3544 | D:5      | Noticed Sigmund
  3573 | D:4      | Reached skill level 5 in Spellcasting
  3810 | D:5      | Noticed a water moccasin
  3828 | D:4      | Killed a water moccasin
  3829 | D:4      | Reached XP level 7. HP: 32/40 MP: 3/17
  3972 | D:5      | Killed Sigmund
  3973 | D:5      | Reached skill level 5 in Stealth
  3973 | D:5      | Reached skill level 6 in Summonings
  4017 | D:5      | Reached skill level 5 in Dodging
  4107 | D:5      | Reached XP level 8. HP: 34/46 MP: 10/19
  4392 | D:5      | Found a glowing golden altar of the Shining One.
  4392 | D:5      | You are sucked into a shaft and drop 3 floors!
  4643 | D:7      | Reached skill level 7 in Summonings
  4904 | D:7      | Noticed a spectral unseen horror
  4909 | D:7      | Found a runed translucent gate.
  4910 | D:7      | Found a runed translucent gate.
  4911 | D:7      | Found a runed translucent gate.
  4914 | D:7      | Noticed Drakonis1988's ghost (novice MiFi)
  5034 | D:7      | Noticed a two-headed ogre
  5058 | D:7      | Killed a two-headed ogre
  5059 | D:7      | Reached XP level 9. HP: 52/52 MP: 11/23
  5311 | D:7      | Found a staircase to the Ecumenical Temple.
  5951 | D:7      | Reached skill level 8 in Summonings
  6087 | Temple   | Entered the Ecumenical Temple
  6143 | Temple   | Became a worshipper of Sif Muna the Loreminder
  6196 | D:6      | Found Wimerahe's Weapon Boutique.
  6374 | D:6      | Reached skill level 5 in Fighting
  6728 | D:6      | Identified the +7 war axe "Laecun" {freeze, Str+3}
  6771 | D:6      | Found Tyxzac's Weapon Shoppe.
  6792 | D:6      | Found a basalt altar of Yredelemnul.
  6859 | D:6      | Found a transporter.
  6870 | D:6      | Noticed NimIero's ghost (novice AtBe)
  6894 | D:6      | Found a transporter.
  6910 | D:6      | Found Ogung's Distillery.
  6918 | D:6      | Bought a potion of heal wounds for 50 gold pieces
  6918 | D:6      | Bought a potion of invisibility for 80 gold pieces
  6918 | D:6      | Bought a potion of resistance for 100 gold pieces
  6918 | D:6      | Bought a potion of heal wounds for 50 gold pieces
  7064 | D:6      | Reached * piety under Sif Muna
  7111 | D:6      | Reached skill level 9 in Summonings
  7440 | D:6      | Killed NimIero's ghost
  7441 | D:6      | Reached XP level 10. HP: 27/60 MP: 13/24
  7605 | D:6      | Identified the ring of the Jester {Str+6 Int+6 SInv}
  7616 | D:6      | Learned a level 4 spell: Summon Ice Beast
  7622 | D:6      | Learned a level 5 spell: Summon Mana Viper
  7891 | D:7      | Killed Drakonis1988's ghost
  7892 | D:7      | Reached skill level 10 in Dodging
  7892 | D:7      | Reached skill level 10 in Summonings
  8281 | D:8      | Found an ornate altar of the Wu Jian Council.
  8293 | D:8      | Noticed Pikel
  8424 | D:8      | Noticed Maggie
  8436 | D:8      | Killed Maggie
  8437 | D:8      | Reached skill level 1 in Hexes
  8597 | D:8      | Reached ** piety under Sif Muna
  8684 | D:8      | Noticed a two-headed ogre
  8692 | D:8      | Killed a two-headed ogre
  8826 | D:8      | Killed Pikel
  8870 | D:8      | Found a shadowy altar of Dithmenos.
  8969 | D:8      | Found a burning altar of Makhleb.
  8969 | D:8      | Noticed a balrug
  8973 | D:8      | Noticed a smoke demon
  9015 | D:9      | Noticed Psyche
  9022 | D:9      | Killed Psyche
  9023 | D:9      | Reached skill level 5 in Hexes
  9055 | D:9      | Reached XP level 11. HP: 63/67 MP: 23/25
  9362 | D:9      | Reached skill level 11 in Summonings
  9669 | D:9      | Identified the +7 rapier of Wadiggu {drain, Fly rPois rF++}
  9789 | D:9      | Found a staircase to the Lair.
 10076 | D:9      | Found a large runed translucent door.
 10077 | D:9      | Found a large runed translucent door.
 10124 | D:9      | Found a bloodstained altar of Trog.
 10167 | D:9      | Found a broken altar of Ashenzari.
 10191 | D:10     | Entered Level 10 of the Dungeon
 10821 | D:10     | Reached *** piety under Sif Muna
 11135 | D:10     | Found a snail-covered altar of Cheibriados.
 11385 | D:11     | Noticed a two-headed ogre
 11395 | D:11     | Killed a two-headed ogre
 11399 | D:11     | Noticed a two-headed ogre
 11413 | D:11     | Killed a two-headed ogre
 11602 | D:11     | Noticed a boulder beetle
 11818 | D:11     | Noticed a boulder beetle
 11831 | D:11     | Killed a boulder beetle
 11832 | D:11     | Reached skill level 12 in Summonings
 11908 | D:11     | Noticed an orange crystal statue
 11966 | D:11     | Killed a boulder beetle
 12553 | Lair:1   | Entered Level 1 of the Lair of Beasts
 12775 | Lair:1   | Found a dark tunnel.
 12833 | Volcano  | Entered a volcano
 12842 | Volcano  | Reached XP level 12. HP: 69/75 MP: 21/26
 12989 | Lair:1   | Reached skill level 10 in Spellcasting
 12989 | Lair:1   | Reached XP level 13. HP: 80/80 MP: 29/29
 13229 | Lair:1   | Reached skill level 13 in Summonings
 13246 | Lair:1   | Noticed Harold
 13269 | Lair:1   | Killed Harold
 13437 | Lair:1   | Identified the +0 robe "Guihor" {Drain +Blink rPois rN+}
 13955 | Lair:2   | Identified a scroll of acquirement
 14059 | Lair:2   | Learned a level 7 spell: Monstrous Menagerie
 15032 | Lair:3   | Reached **** piety under Sif Muna
 15040 | Lair:3   | Found a staircase to the Swamp.
 15099 | Lair:3   | Noticed Amaemon
 15107 | Lair:3   | Acquired the +0 pair of boots of Byar {rPois Will+++ Str-4
                  | Dex+2}
 15509 | Lair:3   | Found a staircase to the Snake Pit.
 16114 | Lair:4   | Reached skill level 14 in Summonings
 16145 | Lair:4   | Found a transporter.
 16317 | Lair:4   | Noticed Snorg
 16496 | Lair:4   | Found a transporter.
 16520 | Lair:4   | Noticed Raneoc's ghost (journeyman MiFi)
 16538 | Lair:4   | Reached skill level 10 in Fighting
 16640 | Lair:4   | Killed Snorg
 17165 | Lair:5   | Entered Level 5 of the Lair of Beasts
 17283 | Lair:5   | Reached XP level 14. HP: 43/88 MP: 28/32
 18025 | Lair:5   | Found a staircase to the Slime Pits.
 18057 | Lair:5   | Reached skill level 15 in Summonings
 18214 | Lair:5   | Found a runed translucent door.
 18216 | Lair:5   | Noticed Termiter's ghost (journeyman DsNe)
 18322 | Lair:5   | Reached ***** piety under Sif Muna
 18687 | Lair:5   | Reached skill level 15 in Dodging
 19073 | Lair:5   | Identified the amulet of Puafag {RegenMP Contam Str+2
                  | Dex+4}
 19305 | Lair:5   | Killed Termiter's ghost
 19677 | D:12     | Received a gift from Sif Muna
 19685 | D:12     | Got Sif Muna's Folio of Galvanic Changing {god gift}
 19855 | D:12     | Found a staircase to the Orcish Mines.
 20195 | D:12     | Found Faijus's Magic Scroll Shoppe.
 20236 | D:12     | Bought a scroll of amnesia for 48 gold pieces
 20236 | D:12     | Bought a scroll of vulnerability for 48 gold pieces
 20236 | D:12     | Bought a scroll of magic mapping for 90 gold pieces
 20236 | D:12     | Bought a scroll of teleportation for 36 gold pieces
 20236 | D:12     | Bought a scroll of fear for 48 gold pieces
 20460 | D:12     | Found a portal to a secret trove of treasure.
 20585 | Orc:1    | Entered Level 1 of the Orcish Mines
 20585 | Orc:1    | Noticed an orc warlord
 20593 | Orc:1    | Reached skill level 16 in Summonings
 20611 | Orc:1    | Killed an orc warlord
 20711 | Orc:1    | Noticed Sioge's ghost (journeyman DECj)
 20715 | Orc:1    | Found a runed translucent door.
 20823 | Orc:1    | Killed Sioge's ghost
 20876 | Orc:2    | Entered Level 2 of the Orcish Mines
 21034 | Orc:1    | Reached XP level 15. HP: 69/94 MP: 30/34
 21201 | Orc:2    | Received a gift from Sif Muna
 21833 | Orc:2    | Noticed Saint Roka
 21845 | Orc:2    | Killed Saint Roka
 21846 | Orc:2    | Reached skill level 17 in Summonings
 21967 | Orc:2    | Got Sif Muna's Advanced Guide to Witchery {god gift}
 21977 | Orc:2    | Found Pyklousm's Antique Weapon Shop.
 21978 | Orc:2    | Found Refyejoor's Antique Armour Emporium.
 21990 | Orc:2    | Found Duokin's Antique Armour Emporium.
 21995 | Orc:2    | Found Zakuex's Jewellery Shoppe.
 22002 | Orc:2    | Bought a pair of glowing gloves for 247 gold pieces
 22285 | Orc:2    | Found a staircase to the Elven Halls.
 22436 | Orc:1    | You are sucked into a shaft and drop 1 floor!
 22906 | D:13     | Found a gate leading to a gauntlet.
 22932 | Gauntlet | Entered a Gauntlet
 22932 | Gauntlet | Found a transporter.
 22966 | Gauntlet | Found a transporter.
 22970 | Gauntlet | Found a transporter.
 22971 | Gauntlet | Found a transporter.
 23080 | Gauntlet | Found a transporter.
 23080 | Gauntlet | Found a transporter.
 23082 | Gauntlet | Found a transporter.
 23084 | Gauntlet | Found a transporter.
 23103 | Gauntlet | Found a transporter.
 23115 | Gauntlet | Found a transporter.
 23115 | Gauntlet | Found a transporter.
 23118 | Gauntlet | Found a transporter.
 23309 | Gauntlet | Received a gift from Sif Muna
 23407 | Gauntlet | Identified the +8 falchion "Uttil" {freeze, rElec Int+5}
 23424 | Gauntlet | Identified the staff of earth "Ocineit" {Drain rCorr Str+5}
 23690 | D:13     | Found the +8 Vampire's Tooth {megavamp}
 23734 | D:13     | Killed from afar by a vampire knight

Illustrated notes

Levels and vault maps discovered:
D:1:      heliophobic_arrival_battle_scene, layout_basic,
          shapermc_ecumenical_altar_venn
D:2:      layout_basic, basic_altar, kennysheep_generic_room_8
D:3:      layout_rooms, mainiacjoe_overflow_paths
D:4:      layout_basic
D:5:      layout_rooms, tso_altar, uniq_sigmund
D:6:      layout_basic, yredelemnul_altar_generic, serial_shops, shop, shop,
          nicolae_shop_real_fake_doors, gammafunk_ghost_gnarly_gnolls,
          minivault_27
D:7:      layout_layer_cave, minmay_temple_entry_slanted,
          gammafunk_ghost_necromancy, enter_bailey_7
D:8:      layout_rooms, mainiacjoe_overflow_catwalk, grunt_dithmenos_smoke,
          makhleb_altar_promises_db, kb_lookout_dungeons_type, uniq_pikel,
          uniq_maggie
D:9:      layout_gridville, jmf_multi_god_temple2,
          grunt_lair_entry_orc_guard_hut, uniq_psyche
D:10:     layout_basic, mainiacjoe_overflow_alcove_4
D:11:     layout_rooms, disabler_island
D:12:     layout_loops_ring, hiddenorc2_lemuel, serial_rivers,
          chequers_serial_rivers_small_a, chequers_serial_rivers_micro_c,
          chequers_serial_rivers_small_b, chequers_serial_rivers_small_a,
          serial_shops, nicolae_shop_window_shopping, trove_entry_hex_spiral
D:13:     layout_cave_pools, hangedman_vaults_entry_quadrant_bands,
          gauntlet_entry_generic, minmay_guarded_unrand_vampires_tooth
Temple:   nicolae_temple_ecumenical_triangle
Lair:1:   layout_regular_city, lightli_volcano_entry_magma_tube,
          serial_bayou_pond_c, uniq_harold
Lair:2:   layout_cave_pods, grunt_megastairs_4
Lair:3:   layout_regular_city, minmay_swamp_entry_worms,
          guppyfry_snake_entry_island, uniq_amaemon
Lair:4:   layout_roguey, nzn_ghost_randoct, grunt_forest_large_clearing_hut,
          uniq_snorg
Lair:5:   due_jungle_book, layout_loops_ring, slime_entry_1,
          ebering_ghost_reflecting_pool, nicolae_lair_run_with_the_wolves
Orc:1:    layout_diamond_mine, hellmonk_ghost_happy_afterlife
Orc:2:    st_orc_open, layout_caves, uniq_saint_roka

Skill      XL: |  1  2  3  4  5  6  7  8  9 10 11 12 13 14 15 |
---------------+----------------------------------------------+-----
Stealth        | 3 4 5 |  5.0
Fighting       | 1 2 3 4 6 7 8 9 10 11 | 11.6
Dodging        | 3 4 5 7 9 10 12 13 14 15 16 | 16.2
Spellcasting   | 4 5 6 8 10 12 13 14 | 14.7
Summonings     | 5 6 7 9 10 12 14 16 17 | 17.4
Hexes          | 5 9 11 | 11.9

Action                     |  1- 3 |  4- 6 |  7- 9 | 10-12 | 13-15 || total
---------------------------+-------+-------+-------+-------+-------++-------
  Melee: Unarmed           |    66 |    13 |       |       |       ||    79
         Spear             |       |    38 |       |       |       ||    38
         Punch             |       |     1 |       |     1 |     1 ||     3
         Falchion          |       |    21 |    55 |    37 |       ||   113
         Rapier            |       |       |       |    61 |   169 ||   230
   Cast: Summon Small Mamm |    40 |    40 |     1 |       |       ||    81
         Call Imp          |    14 |    13 |    19 |    23 |    17 ||    86
         Call Canine Famil |     1 |    12 |    20 |    35 |    52 ||   120
         Summon Guardian G |       |       |    12 |    35 |    44 ||    91
         Summon Lightning  |       |       |     4 |    13 |    13 ||    30
         Summon Ice Beast  |       |       |       |    42 |    65 ||   107
         Summon Mana Viper |       |       |       |    26 |    50 ||    76
         Monstrous Menager |       |       |       |       |   119 ||   119
    Use: Potion            |       |     2 |       |     4 |    11 ||    17
         Scroll            |       |       |    19 |     8 |    16 ||    43
   Stab: Distracted        |     1 |     1 |       |       |     9 ||    11
         Sleeping          |       |     4 |     1 |     5 |       ||    10
         Paralysed         |       |       |       |       |     2 ||     2
 Armour: Robe              |    18 |    29 |    14 |    27 |    25 ||   113
         Steam dragon scal |       |       |       |    41 |    33 ||    74
  Dodge: Dodged            |    76 |   125 |    70 |   171 |   396 ||   838
